 Dungeon Crawl Stone Soup version 0.29-a0-1019-g84f7d21838 (webtiles) character file.

Game seed: 4962633771214798121

726 spaghetti the Fighter (level 7, -1/94 HPs)
             Began as a Demonspawn Chaos Knight on Aug 9, 2022.
             Was a Plaything of Xom.
             Slain by Edmund
             ... wielding a +4 vorpal dire flail
              (6 damage)
             ... on level 5 of the Dungeon on Aug 10, 2022.
             The game lasted 00:11:44 (5765 turns).

spaghetti the Fighter (Demonspawn Chaos Knight)     Turns: 5765, Time: 00:11:45

Health: -1/94      AC: 23    Str: 12    XL:     7   Next: 44%
Magic:  16/16      EV:  2    Int: 16    God:    Xom [..*...]
Gold:   1408       SH:  0    Dex: 12    Spells: 6/6 levels left

rFire   . . .      SeeInvis .     - Unarmed
rCold   . . .      Faith    .   (no shield)
rNeg    . . .      Spirit   .   (body armour currently unavailable)
rPois   +          Reflect  .   (helmet currently unavailable)
rElec   .          Harm     .   (cloak currently unavailable)
rCorr   .          Rampage  .   (gloves currently unavailable)
Will    .....      NoTele   +   (boots currently unavailable)
Stlth   +.........              (no amulet)
HPRegen 0.25/turn               u - ring of magical power
MPRegen 0.30/turn               (no ring)

@: mighty, brilliant, tree-form, on berserk cooldown, attractive, slowed, very
slow
A: stationary, stasis, torment immunity, boosted hp, (thin metallic scales 1),
demonic guardian 1, magic regeneration, (weakness stinger 1), (hooves 1), (fire
resistance 1), MP-powered wands
a: Renounce Religion


You were on level 5 of the Dungeon.
You worshipped Xom.
You were a toy of Xom.
You were a tree.
You visited 1 branch of the dungeon, and saw 5 of its levels.

You collected 1408 gold pieces.


Innate Abilities, Weirdness & Mutations

You are a tree.
Your roots penetrate the ground, keeping you stationary.
You cannot be teleported.
You are immune to unholy pain and torment.
Your maximum health is greatly increased.
Your equipment is partially melded.
((You are partially covered in thin metallic scales. (AC +2)))
A weak demonic guardian rushes to your aid.
You regenerate magic rapidly.
((You have a small tail.))
((You have large cloven feet.))
((Your flesh is heat resistant. (rF+)))
You expend magic power (3 MP) to strengthen your wands.


   Skills:
 + Level 8.5 Fighting
 - Level 1.7 Armour
 - Level 0.8 Dodging
 - Level 3.3 Unarmed Combat


You had 6 spell levels left.
You didn't know any spells.
Your spell library contained the following spells:

 Spells                   Type           Power      Damage    Failure   Level
 Summon Small Mammal      Summ           0%         N/A       26%         1
 Static Discharge         Conj/Air       0%         3-3/arc   36%         2
 Call Canine Familiar     Summ           0%         N/A       58%         3
 Summon Guardian Golem    Hex/Summ       0%         N/A       58%         3
 Dispel Undead            Necr           0%         3d6       94%         4
 Sticky Flame             Conj/Fire      0%         2d3       94%         4

Inventory:

Hand Weapons
 c - a +0 hand axe {axe}
   (You found it on level 1 of the Dungeon)
 f - a +0 vorpal battleaxe {axe}
   (Xom gifted it to you on level 1 of the Dungeon)
Missiles
 d - 6 stones {throwing}
 k - 6 boomerangs {throwing}
 q - 5 poisoned darts {throwing}
 r - 4 javelins {throwing}
 y - 6 curare-tipped darts {=fthrowing}
Armour
 a - a +2 leather armour (melded)
 w - a +0 pair of gloves (melded)
   (You found it on level 4 of the Dungeon)
Magical Staves
 e - a staff of conjuration {!a@e2staff}
   (Xom gifted it to you on level 1 of the Dungeon)
 z - a staff of poison {!astaff}
   (You found it on level 4 of the Dungeon)
Jewellery
 u - a ring of magical power (left branch)
   (You found it on level 5 of the Dungeon)
Scrolls
 g - a scroll of blinking {!r}
 h - 2 scrolls of enchant weapon
 i - 3 scrolls of teleportation {@r4}
 j - a scroll of noise {unknown}
 m - a scroll of brand weapon
 n - a scroll of poison {!r}
 t - a scroll of vulnerability {unknown}
 B - a scroll of amnesia {unknown}
Potions
 o - a potion of lignification {!q}
 p - a potion of berserk rage {!q}
Miscellaneous
 b - a piece from Xom's chessboard (13/15) (quivered)

Dungeon Overview and Level Annotations

Branches:
Dungeon (5/15) Zot: 24248
 Temple: D:4-7

Altars:
Ashenzari
Hepliaklqana
Trog
Xom
Yredelemnul

Annotations:
D:1 Terence
D:3 1 exclusion
D:5 Edmund

###... ### #..... ..##..#
#######. .....
......#####.#..... ....
........#........ #..###
#....).........#
##.#.###.........#..#
##.....##............# ...#
#.......#.#5......#####
#..###....##....♣5......#...#
#...#..... ##..#...[>##.+...+ ._
......5.## #.##....###.....#....
)........####....#..###.#####...
.5[......##......#.........# ..
@........#.................# .#
...........................##.#
..............................#
....##.#........###.....#.....#
.


You could see a friendly quasit (summoned, wandering) and a friendly white imp
(summoned).


Message History

Xom roars with laughter!
Edmund hits you with a +4 vorpal dire flail!
* * * LOW HITPOINT WARNING * * *
x2 😱 HP[+2]
You now have 94 max hp (+31).
You regained 2 hp, and now have 23/94 hp.
Unknown command.
You punch Edmund! You kick Edmund.
Edmund hits you with a +4 vorpal dire flail!
* * * LOW HITPOINT WARNING * * *
A demonic guardian appears!
* * * LOW HITPOINT WARNING * * *
😱 HP[-8]
You take 8 damage, and now have 15/94 hp.
You punch Edmund!
Your tail-slap misses Edmund.
Edmund drinks a potion.
Edmund is healed!
Unknown command.
Unknown command.
Unknown command.
You punch Edmund! You kick Edmund. You tail-slap Edmund, but do no damage.
Your surroundings suddenly seem different.
Unknown command.
Unknown command.
You start resting.
You feel a strong urge to attack something.
You start resting.
You feel your anger nearly subside.
You are no longer berserk.
You are exhausted.
You feel yourself slow down. 😱 HP[-5]
You now have 63 max hp (-31).
Unknown command.
Unknown command.
You start resting.
Edmund is nearby! 😱 HP[+1] Edmund is nearby! 😱 HP[+1]
Your shadow imp closely misses Edmund.
Edmund hits your shadow imp with a +4 vorpal dire flail!
Your shadow imp dies!
Your shadow imp disappears in a puff of smoke!
Edmund shouts!
You make a move on Xom's chessboard...
Edmund flickers and vanishes!
Deactivating autopickup; reactivate with Ctrl-A. 😱 HP[+1] Really quaff
p - a potion of berserk rage {!q}?
Okay, then.
Okay, then.
As you read the scroll of teleportation {@r4}, it crumbles to dust.
You feel strangely unstable.
It was a potion of flight.
You feel very buoyant.
You fly up into the air.
It was a potion of lignification.
You turn into a tree.
Your +0 pair of gloves melds into your body.
Your +2 leather armour melds into your body.
Your roots penetrate the ground.
You feel strangely stable. Something hits you.
* * * LOW HITPOINT WARNING * * *
A demonic guardian appears!
* * * LOW HITPOINT WARNING * * *
Something hits you but does no damage. 😱 HP[+4]
You now have 94 max hp (+31).
You regained 4 hp, and now have 17/94 hp.
You closely miss something. Something hits you.
* * * LOW HITPOINT WARNING * * *
x2 😱 HP[-7]
You take 7 damage, and now have 10/94 hp.
You closely miss something. Something hits you.
* * * LOW HITPOINT WARNING * * *
x2 😱 HP[-5]
You take 5 damage, and now have 5/94 hp.
You feel better. Something hits you.
* * * LOW HITPOINT WARNING * * *
x2 Something hits you but does no damage. 😱 HP[+1] It was a potion of attraction.
You feel attractive to monsters.
Something hits you but does no damage. 😱 HP[+1] It was a potion of might.
You feel very mighty all of a sudden. Something hits you but does no damage.
Something hits you.
* * * LOW HITPOINT WARNING * * *
A demonic guardian appears!
* * * LOW HITPOINT WARNING * * *
😱 HP[-3]
You take 3 damage, and now have 4/94 hp.
It was a potion of brilliance.
You feel clever all of a sudden.
Something completely misses you. 😱 HP[+1] Unknown command.
Okay, then.
You hit something. Something hits you.
You die...

Skill      XL: |  1  2  3  4  5  6  7 |
---------------+----------------------+-----
Unarmed Combat | 3 |  3.3
Fighting       | 4 5 6 7 8 |  8.5
Armour         | |  1.7
Dodging        | |  0.8

Action                   |  1- 3 |  4- 6 |  7- 9 || total
-------------------------+-------+-------+-------++-------
Melee: Unarmed           |   146 |   231 |    83 ||   460
       Punch             |     4 |     6 |     2 ||    12
       Kick              |    21 |    66 |    29 ||   116
       Tailslap          |       |    15 |    12 ||    27
Evoke: Piece from Xom's  |     1 |       |     2 ||     3
       Wand              |       |     1 |     2 ||     3
  Use: Scroll            |     2 |     3 |     4 ||     9
       Potion            |     2 |       |     7 ||     9
 Stab: Sleeping          |     2 |       |       ||     2
       Confused          |     1 |     4 |       ||     5
Armor: Leather armour    |    65 |    82 |    25 ||   172
       Skin              |       |       |     4 ||     4
Dodge: Dodged            |    92 |   124 |    38 ||   254

Levels and vault maps discovered:
D:1:      dpeg_arrival_houses_and_road, layout_basic,
          shapermc_ecumenical_altar_mp_urbaneastern, hex_large, minivault_24
D:2:      layout_rooms, uniq_terence
D:3:      layout_basic, overflow_temple_1_default,
          mainiacjoe_overflow_concentric_impassable, tgw_trog
D:4:      minmay_opposing_rooms, layout_basic, mainiacjoe_overflow_24_doors,
          general_overflow_altar, uniq_ijyb
D:5:      layout_cave_pools, evilmike_ruin_ashenzari, tso_altar,
          ebering_ghost_rock_garden, uniq_edmund, uniq_menkaure,
          uniq_crazy_yiuf_cottage

Notes
Turn   | Place    | Note
-------+----------+-------------------------------------------
     0 | D:1      | spaghetti the Demonspawn Chaos Knight began the quest for
                  | the Orb.
     0 | D:1      | Reached XP level 1. HP: 18/18 MP: 1/1
     0 | D:1      | magus.rc [v1.9.6]
   106 | D:1      | XOM: divination: magic mapping
   143 | D:1      | Upgraded the game from 0.29-a0-1009-g60c99734e7 to
                  | 0.29-a0-1019-g84f7d21838
   143 | D:1      | magus.rc [v1.9.6]
   218 | D:1      | Reached skill level 3 in Unarmed Combat
   416 | D:1      | Gained mutation: You are partially covered in thin metallic
                  | scales. (AC +2) [demonic ancestry]
   416 | D:1      | Reached XP level 2. HP: 24/24 MP: 2/2
   472 | D:1      | XOM: silly message
   484 | D:1      | XOM: god gift: staff of conjuration
   492 | D:1      | XOM: divination: detect items
   503 | D:1      | XOM: god gift: battleaxe {god gift}
   809 | D:1      | Found a faded altar of an unknown god.
   904 | D:1      | XOM: give mutations
   904 | D:1      | Gained mutation: You have large cloven feet. [Xom's grace]
   904 | D:1      | Gained mutation: Your flesh is heat resistant. (rF+) [Xom's
                  | grace]
   904 | D:1      | Gained mutation: You expend magic power (3 MP) to
                  | strengthen your wands. [Xom's grace]
   905 | D:1      | magus.rc [v1.9.6]
   919 | D:1      | XOM: confusion (+ monsters)
  1015 | D:1      | Gained mutation: A weak demonic guardian rushes to your
                  | aid. [demonic ancestry]
  1015 | D:1      | Reached XP level 3. HP: 29/29 MP: 3/3
  1056 | D:1      | You pick up a book of Callings and begin reading...
  1056 | D:1      | You add the spells Summon Small Mammal, Call Canine
                  | Familiar and Summon Guardian Golem to your library.
  1264 | D:2      | Noticed Terence
  1268 | D:2      | XOM: silly message
  1277 | D:1      | HP: 5/29 [something (9)]
  1749 | D:2      | Reached skill level 4 in Fighting
  2147 | D:3      | Identified a scroll of acquirement
  2147 | D:3      | Acquired 1127 gold pieces
  2164 | D:3      | Reached XP level 4. HP: 38/38 MP: 4/4
  2203 | D:3      | XOM: 3-stop teleportation journey
  2407 | D:3      | Noticed a moth of wrath
  2410 | D:3      | Found a bloodstained altar of Trog.
  2425 | D:3      | XOM: enchant monster (good)
  2436 | D:3      | XOM: cast spell 'Summon Mana Viper'
  2816 | D:3      | Found a hazy altar of Hepliaklqana.
  2957 | D:3      | You pick up a book of Touch and begin reading...
  2957 | D:3      | You add the spells Static Discharge, Sticky Flame and
                  | Dispel Undead to your library.
  3106 | D:3      | Reached skill level 5 in Fighting
  3307 | D:4      | Noticed Ijyb
  3344 | D:4      | XOM: cast spell 'Metabolic Englaciation'
  3348 | D:4      | Killed Ijyb
  3349 | D:4      | Gained mutation: You regenerate magic rapidly. [demonic
                  | ancestry]
  3349 | D:4      | Reached XP level 5. HP: 27/44 MP: 5/5
  3555 | D:4      | XOM: potion effect (berserk rage)
  3658 | D:4      | Reached skill level 6 in Fighting
  3727 | D:4      | Noticed an ogre
  3737 | D:4      | Killed an ogre
  3738 | D:4      | Gained mutation: You have a small tail. [demonic ancestry]
  3738 | D:4      | Reached XP level 6. HP: 35/53 MP: 2/6
  3913 | D:4      | XOM: potion effect (invisibility)
  4142 | D:4      | Reached skill level 7 in Fighting
  4173 | D:4      | XOM: torment (29/55 hp)
  4370 | D:4      | XOM: 1-stop teleportation journey
  4383 | D:4      | XOM: confuse monster(s)
  4489 | D:4      | XOM: potion effect (brilliance)
  4506 | D:4      | Reached XP level 7. HP: 35/61 MP: 7/7
  4660 | D:4      | Found a shimmering altar of Xom.
  4734 | D:4      | Reached skill level 8 in Fighting
  4900 | D:4      | Found a basalt altar of Yredelemnul.
  5086 | D:5      | Entered Level 5 of the Dungeon
  5610 | D:5      | Found a broken altar of Ashenzari.
  5650 | D:5      | XOM: silly message
  5729 | D:5      | Noticed Edmund
  5740 | D:5      | HP: 23/94 [Edmund/+4 vorpal dire flail (1)]
  5758 | D:5      | HP: 18/94 [something (2)]
  5760 | D:5      | HP: 6/94 [something (4)]
  5765 | D:5      | Slain by Edmund

Vanquished Creatures
  2 ogres (D:4)
  A bullfrog (D:4)
  A necrophage (D:4)
  An orc priest (D:5)
  3 hounds (D:4)
  A jelly (D:4)
  An iguana (D:5)
  Ijyb (D:4)
  2 orc wizards
  6 adders
  2 ufetubi (D:4)
  2 worms
  2 dart slugs
  12 orcs
  11 ball pythons
  8 endoplasms
  4 giant cockroaches
  9 goblins
  4 hobgoblins
  7 jackals
  8 quokkas
  3 bats
  6 frilled lizards
  4 kobolds
  8 rats
109 creatures vanquished.

Vanquished Creatures (collateral kills)
  2 worms (D:3)
  A kobold (D:3)
3 creatures vanquished.

Vanquished Creatures (others)
  A rat (D:3)
  2 fungi (D:1)
  A plant (D:1)
4 creatures vanquished.

Grand Total: 116 creatures vanquished

Table legend:
 A = Non-vault XP
 B = Vault XP
 C = Vault XP percentage of total XP
 D = Non-vault monster count
 E = Vault monster count
 F = Vault count percentage of total count
                 A         B        C        D         E       F
            +---------+---------+-------+---------+---------+-------
      Total |     936 |     102 |   9.8 |      97 |      15 |  13.4
            +---------+---------+-------+---------+---------+-------
        D:1 |      41 |       0 |   0.0 |      26 |       0 |   0.0
        D:2 |      53 |       0 |   0.0 |      21 |       0 |   0.0
        D:3 |      53 |      12 |  18.5 |      16 |       4 |  20.0
        D:4 |     629 |      90 |  12.5 |      22 |      11 |  33.3
        D:5 |     160 |       0 |   0.0 |      12 |       0 |   0.0
            +---------+---------+-------+---------+---------+-------

Illustrated notes

Table legend:
 A = Kills in this place as a percentage of kills in entire the game.
 B = Kills by you in this place as a percentage of kills by you in the entire game.
 C = Kills by friends in this place as a percentage of kills by friends in the entire game.
 D = Other kills in this place as a percentage of other kills in the entire game.
 E = Experience gained in this place as a percentage of experience gained in the entire game.
 F = Experience gained in this place divided by the number of levels of this place that you have seen.
                   A       B       C       D       E      F
               +-------+-------+-------+-------+-------+----------------------
         Total | 100.0 | 100.0 | 100.0 | 100.0 | 100.0 | 207.6
       Dungeon | 100.0 | 100.0 | 100.0 | 100.0 | 100.0 | 207.6
               +-------+-------+-------+-------+-------+----------------------

Table legend: (Time is in decaauts)
 A = Elapsed time spent in this place.
 B = Non-inter-level travel time spent in this place.
 C = Inter-level travel time spent in this place.
 D = Time resting spent in this place.
 E = Time spent auto-exploring this place.
 F = Levels seen in this place.
 G = Mean time per level.
                   A        B        C        D        E       F      G
               +--------+--------+--------+--------+--------+-----+--------+
         Total |   5750 |   5675 |     75 |    252 |   4576 |   5 | 1150.0 |
       Dungeon |   5750 |   5675 |     75 |    252 |   4576 |   5 | 1150.0 |
               +--------+--------+--------+--------+--------+-----+--------+

Top non-repeatable levels by time:
     D:4: 1798 daAuts
     D:1: 1280 daAuts
     D:3: 1138 daAuts
     D:2: 852 daAuts
     D:5: 680 daAuts
